 Dungeon Crawl Stone Soup version 0.31-a0-744-gbc345e7fcb (webtiles) character file.

Game seed: 3232923332030768810

457 cforsyth the Trooper (level 7, -2/48 HPs)
             Began as a Djinni Delver on Sept 14, 2023.
             Was a Believer of Hepliaklqana.
             Slain by an ogre
             ... wielding a +0 giant spiked club
              (38 damage)
             ... on level 4 of the Dungeon.
             The game lasted 00:06:25 (3797 turns).

cforsyth the Trooper (Djinni Delver)                Turns: 3797, Time: 00:06:26

Health: -2/48      AC:  3    Str: 11    XL:     7   Next: 27%
Gold:   138        EV: 12    Int: 14    God:    Hepliaklqana [**....] SH:  4 Dex: 14

rFire   + + .        i - +2 hand axe (flame)
rCold   x . .        o - +0 buckler
rNeg    . . .        b - +0 leather armour
rPois   ∞            (no helmet)
rElec   .            (no cloak)
rCorr   .            (no gloves)
SInv    .            (boots unavailable)
Will    .....        (no amulet)
Stlth   +++          (no ring)
HPRegen 0.28/turn    (no ring)
MPRegen 0.00/turn

%: infuse magic (-3 HP)
@: flying
A: reduced essence, sickness immunity, fire resistance 2, cold vulnerability 1,
float, innate caster, HP casting, extra vitality 1
a: Renounce Religion, Recall Ancestor, Ancestor Identity


You were on level 4 of the Dungeon.
You worshipped Hepliaklqana.
Hepliaklqana was pleased with you.
You visited 2 branches of the dungeon, and saw 6 of its levels.

You collected 138 gold pieces.

Inventory:

Hand Weapons
 a - a +0 falchion
 i - a +2 hand axe of flaming (weapon)
Armour
 b - a +0 leather armour (worn)
 o - a +0 buckler (worn)
Jewellery
 r - a ring of resist corrosion
Wands
 g - a wand of digging (3)
Scrolls
 c - a scroll of fog
 d - a scroll of revelation
 e - a scroll of fear
 h - a scroll of vulnerability {unknown}
 j - 2 scrolls of amnesia {unknown}
 k - 3 scrolls of identify {unknown}
 m - a scroll of blinking {unknown}
 q - a scroll of poison {unknown}
 t - a scroll of teleportation {unknown}
Potions
 f - a potion of haste
 l - 2 potions of curing {unknown}
 n - a potion of attraction {unknown}
 p - 3 potions of lignification {unknown}
 s - a potion of brilliance {unknown}
 u - a potion of enlightenment {unknown}


   Skills:
 + Level 5.2 Fighting
 - Level 2.9 Long Blades
 - Level 3.5 Dodging
 - Level 4.7 Stealth
 + Level 2.2 Spellcasting
 + Level 2.2 Conjurations
 + Level 2.2 Hexes
   Level 0.0 Charms
 + Level 2.2 Summonings
 + Level 2.2 Necromancy
 + Level 2.2 Translocations
 + Level 2.2 Transmutations
 + Level 2.2 Fire Magic
 + Level 2.2 Ice Magic
 + Level 2.2 Air Magic
 + Level 2.2 Earth Magic
 + Level 2.2 Poison Magic


You knew the following spells:

 Your Spells              Type           Power      Damage    Failure   Level
a - Kiss of Death         Conj/Necr      28%        2d7       19%         1
b - Momentum Strike       Conj/Tloc      14%        3d8       28%         2
c - Frozen Ramparts       Ice            14%        1d3       50%         3
Your spell library was empty.

Dungeon Overview and Level Annotations

Branches:
Dungeon (5/15)             Temple (1/1) D:5

Altars:
Ashenzari
Dithmenos
Elyvilon
Gozag
Hepliaklqana
Makhleb
Nemelex Xobeh
Okawaru
Qazlal
Ru
Trog
Wu Jian
Xom
Yredelemnul
The Shining One

Annotations:
D:1 1 transporter


Innate Abilities, Weirdness & Mutations

Your life essence is reduced to manifest your ancestor. (-10% HP)
You are immune to sickness and miasma.
You are immune to poison.
Your flesh is very heat resistant. (rF++)
You are vulnerable to cold. (rC-)
You float through the air rather than walking.
You learn spells naturally, not from books.
Your magical power is your life essence.
You have superior vitality. (+4 MHP)


Message History

The hound is severely wounded.
You block the hound's attack. The hound bites you.
Imgur-Sin hits the hound with a +0 flail!
The hound dies!
Your Fighting skill increases to level 5!
Your Spellcasting skill increases to level 2!
Your Conjurations skill increases to level 2!
Your Hexes skill increases to level 2!
Your Summonings skill increases to level 2!
Your Necromancy skill increases to level 2!
Your Translocations skill increases to level 2!
Your Transmutations skill increases to level 2!
Your Fire Magic skill increases to level 2!
Your Ice Magic skill increases to level 2!
Your Air Magic skill increases to level 2!
Your Earth Magic skill increases to level 2!
Your Poison Magic skill increases to level 2!
You hit the howler monkey. You burn the howler monkey.
The howler monkey is lightly wounded.
The howler monkey barely misses you.
Imgur-Sin hits the howler monkey with a +0 flail.
The ogre hits you with a +0 giant spiked club.
You closely miss the howler monkey.
The howler monkey is heavily wounded.
You barely miss the ogre. The howler monkey closely misses you.
Imgur-Sin hits the howler monkey with a +0 flail!
The howler monkey dies!
The ogre barely misses you.
You hit the ogre. You burn the ogre.
The ogre is lightly wounded.
Imgur-Sin hits the ogre with a +0 flail!
The ogre barely misses you.
You hit the ogre. You burn the ogre.
The ogre is heavily wounded.
Imgur-Sin hits the ogre with a +0 flail.
You hit the ogre. You burn the ogre.
The ogre is severely wounded.
The ogre hits you with a +0 giant spiked club!!!
Ouch! That really hurt!
You die...

##.....##
#..#### ###..#
#....# #.#.##
#.#.####
#......## .#
..8######...##
.#
#.....[@'....#
.#
#.....OR#....#
.#
..8######...(#
.# . #.......#
# #.......# ##
#.......# <#
#)......# [##
#.......# ..#
#.......#


You could see the friendly Imgur-Sin the knight and an ogre (ally target).

Vanquished Creatures
  A sleepcap (D:5)
  Natasha (D:3)
  Terence (D:4)
  3 gnolls (D:3)
  4 adders
  2 ufetubi (D:4)
  10 orcs
  6 bats
  5 endoplasms
  3 giant cockroaches
  2 goblins
  8 hobgoblins
  2 quokkas (D:4)
  7 ball pythons
  2 frilled lizards (D:3)
  5 kobolds
  3 rats
65 creatures vanquished.

Vanquished Creatures (collateral kills)
  A howler monkey (D:4)
  2 hounds (D:4)
  An orc priest (D:3)
  A gnoll bouda (D:3)
  Natasha (D:3)
  2 gnolls
  2 adders
  A worm (D:2)
  3 orcs (D:3)
  2 goblins
  A kobold (D:3)
  A frilled lizard (D:3)
18 creatures vanquished.

Vanquished Creatures (others)
  A knight (D:3)
1 creature vanquished.

Grand Total: 84 creatures vanquished

Notes
Turn   | Place    | Note
-------+----------+-------------------------------------------
     0 | D:5      | cforsyth the Djinni Delver began the quest for the Orb.
     0 | D:5      | Reached XP level 1. HP: 20/20 MP: 0/0
   264 | D:5      | Noticed a hound
   275 | D:5      | Found a staircase to the Ecumenical Temple.
   285 | Temple   | Entered the Ecumenical Temple
   294 | Temple   | Became a worshipper of Hepliaklqana the Forgotten
   334 | D:5      | Noticed a sleepcap
   353 | D:5      | Killed a sleepcap
   354 | D:5      | Reached XP level 2. HP: 17/25 MP: 0/0
   354 | D:5      | Reached XP level 3. HP: 21/30 MP: 0/0
   354 | D:5      | Learned a level 1 spell: Kiss of Death
   563 | D:3      | Reached XP level 4. HP: 32/35 MP: 0/0
   626 | D:3      | Noticed Natasha
   641 | D:3      | Killed Natasha
   852 | D:2      | Reached XP level 5. HP: 24/41 MP: 0/0
   852 | D:2      | Learned a level 2 spell: Momentum Strike
  1128 | D:1      | Reached * piety under Hepliaklqana
  1170 | D:1      | Found a transporter.
  1891 | D:2      | Reached ** piety under Hepliaklqana
  1892 | D:2      | Remembered your ancestor Imgur-Sin as a knight
  2262 | D:3      | Noticed Terence
  2308 | D:4      | Killed Terence
  2372 | D:4      | Reached skill level 4 in Fighting
  2372 | D:4      | Reached XP level 6. HP: 33/42 MP: 0/0
  2428 | D:3      | Noticed Natasha
  2605 | D:3      | Killed Natasha
  2606 | D:3      | Reached skill level 1 in Spellcasting
  2606 | D:3      | Reached skill level 1 in Conjurations
  2606 | D:3      | Reached skill level 1 in Hexes
  2606 | D:3      | Reached skill level 1 in Summonings
  2606 | D:3      | Reached skill level 1 in Necromancy
  2606 | D:3      | Reached skill level 1 in Translocations
  2606 | D:3      | Reached skill level 1 in Transmutations
  2606 | D:3      | Reached skill level 1 in Fire Magic
  2606 | D:3      | Reached skill level 1 in Ice Magic
  2606 | D:3      | Reached skill level 1 in Air Magic
  2606 | D:3      | Reached skill level 1 in Earth Magic
  2606 | D:3      | Reached skill level 1 in Poison Magic
  3521 | D:3      | Reached XP level 7. HP: 28/47 MP: 0/0
  3521 | D:3      | Learned a level 3 spell: Frozen Ramparts
  3793 | D:4      | Reached skill level 5 in Fighting
  3797 | D:4      | Slain by an ogre

Illustrated notes

Levels and vault maps discovered:
D:1:      spicycebolla_arrival_risky_transporter, layout_loops_ring
D:2:      layout_basic
D:3:      layout_basic, uniq_natasha, uniq_terence
D:4:      minmay_chambers_of_twos, layout_rooms
D:5:      layout_loops_corners, cheibriados_altar_1,
          minmay_temple_entry_drinking_statues
Temple:   mainiacjoe_temple_coin_purse

Skill      XL: |  1  2  3  4  5  6  7 |
---------------+----------------------+-----
Long Blades    | 2 |  2.9
Dodging        | 3 |  3.5
Fighting       | 4 5 |  5.2
Spellcasting   | 1 2 |  2.2
Conjurations   | 1 2 |  2.2
Hexes          | 1 2 |  2.2
Summonings     | 1 2 |  2.2
Necromancy     | 1 2 |  2.2
Translocations | 1 2 |  2.2
Transmutations | 1 2 |  2.2
Fire Magic     | 1 2 |  2.2
Ice Magic      | 1 2 |  2.2
Air Magic      | 1 2 |  2.2
Earth Magic    | 1 2 |  2.2
Poison Magic   | 1 2 |  2.2
Stealth        | |  4.7

Action                     |  1- 3 |  4- 6 |  7- 9 || total
---------------------------+-------+-------+-------++-------
  Melee: Falchion          |    22 |       |       ||    22
         Hand axe          |    16 |   131 |    13 ||   160
 Invoke: Ancestor Life: Kn |       |     1 |       ||     1
         Recall Ancestor   |       |     2 |       ||     2
   Stab: Sleeping          |       |    11 |       ||    11
         Distracted        |       |     1 |       ||     1
 Armour: Leather armour    |    24 |    72 |    10 ||   106
  Dodge: Dodged            |    27 |   103 |    11 ||   141
  Block: Buckler           |       |    24 |     2 ||    26

Table legend: (Time is in decaauts)
 A = Elapsed time spent in this place.
 B = Non-inter-level travel time spent in this place.
 C = Inter-level travel time spent in this place.
 D = Time resting spent in this place.
 E = Time spent auto-exploring this place.
 F = Levels seen in this place.
 G = Mean time per level.
                   A        B        C        D        E       F      G
               +--------+--------+--------+--------+--------+-----+--------+
         Total |   3870 |   3742 |    128 |   1148 |   1612 |   6 |  645.0 |
       Dungeon |   3851 |   3740 |    111 |   1148 |   1612 |   5 |  770.2 |
        Temple |     18 |      1 |     17 |      0 |      0 |   1 |   18.0 |
               +--------+--------+--------+--------+--------+-----+--------+

Top non-repeatable levels by time:
     D:3: 1621 daAuts
     D:1: 665 daAuts
     D:2: 634 daAuts
     D:4: 483 daAuts
     D:5: 447 daAuts
  Temple: 18 daAuts
